 Dungeon Crawl Stone Soup version 0.26.0-10-g1f06aea511 (webtiles) character file.

Game seed: 2741923436736318962

443 sanka the Skirmisher (level 6, -3/61 HPs)
             Began as a Deep Dwarf Enchanter on Jan 20, 2021.
             Slain by an ogre
             ... wielding a +0 giant club
              (21 damage)
             ... on level 4 of the Dungeon.
             The game lasted 00:05:57 (3606 turns).

sanka the Skirmisher (Deep Dwarf Enchanter)         Turns: 3606, Time: 00:05:58

Health: -3/61      AC:  9    Str: 13    XL:     6   Next: 71%
Magic:  4/4        EV:  6    Int: 16    God:
Gold:   197        SH:  0    Dex: 13    Spells: 7/8 levels left

rFire    . . .     SeeInvis .   a - +0 war axe
rCold    . . .     Faith    .   (no shield)
rNeg     . . .     Spirit   .   m - +0 chain mail
rPois    .         Reflect  .   (no helmet)
rElec    .         Harm     .   (no cloak)
rCorr    .         Rampage  .   o - +0 pair of gloves
Will     .....                  (no boots)
Stlth    ..........             (no amulet)
HPRegen  0.00/turn              (no ring)
MPRegen  0.09/turn              (no ring)

@: non-regenerating
A: damage resistance, heal wounds, sense surroundings 1, no regeneration
a: Heal Wounds


You were on level 4 of the Dungeon.
You visited 1 branch of the dungeon, and saw 4 of its levels.

You collected 197 gold pieces.


Innate Abilities, Weirdness & Mutations

You are resistant to damage.
You can heal yourself by infusing magical energy.
You passively map a small area around you.
You do not regenerate.


   Skills:
 - Level 5.1 Fighting
 - Level 0.8 Short Blades
 * Level 4.1 Axes
 - Level 2.1 Dodging
 - Level 3.6 Stealth
 - Level 1.7 Spellcasting
 - Level 2.4 Hexes


You had 7 spell levels left.
You knew the following spells:

 Your Spells              Type           Power        Failure   Level
Z - Corona                Hex            10%          96%         1

Your spell library contained the following spells:

 Spells                   Type           Power        Failure   Level
 Ensorcelled Hibernation  Hex/Ice        10%          100%        2
 Confusing Touch          Hex            9%           100%        3
 Dazzling Flash           Conj/Hex       10%          100%        3
 Tukima's Dance           Hex            9%           100%        3

Inventory:

Hand Weapons
 a - a +0 war axe (weapon)
 b - a +3 hunting sling of freezing
 u - a +1 dagger
Missiles
 g - 35 poisoned darts
 p - 4 boomerangs
 s - 50 stones
 t - 8 sling bullets
Armour
 m - a +0 chain mail (worn)
 o - a +0 pair of gloves (worn)
 r - a +0 robe
Wands
 e - a wand of random effects (13)
 x - a wand of acid (8)
Scrolls
 d - 3 scrolls of remove curse
 f - a scroll of enchant armour
 i - 5 scrolls of fog
 j - a scroll of immolation {unknown}
 k - 2 scrolls of magic mapping
 l - 3 scrolls of teleportation {unknown}
 n - 4 scrolls of identify {@r1}
 y - 2 scrolls of fear {unknown}
Potions
 c - a potion of lignification {unknown}
 h - a potion of brilliance {unknown}
 q - a potion of heal wounds {unknown}
 v - a potion of haste {unknown}
 w - a potion of curing {unknown}

Dungeon Overview and Level Annotations

Branches:
Dungeon (4/15)
 Temple: D:4-7

Altars:
Kikubaaqudgha

, ░ ▒▒▒▒▒ ░ ..▒▒ ....▒ , ....
....▒▒▒▒ ░▒▒ ▒... .......▒▒ ...
▒.... ....▒▒..▒ ▒▒▒▒▒▒▒▒▒▒...
▒.... ▒.▒▒▒▒▒.▒▒▒...>.....)▒..
▒.... ▒.▒▒▒▒▒.....▒▒▒...▒.(.(▒
▒▒▒.... ▒....▒▒▒▒.▒▒▒▒..gO.(....
, ...... ▒▒▒▒.▒▒▒▒.▒▒▒.........^.
......
▒........▒...............▒▒...
▒▒.......▒..............,▒....
▒.....................▒ ▒....
▒▒▒▒▒.......▒▒....▒▒...▒.. ▒....
....▒.......▒▒▒▒.▒▒....▒.▒ ▒....
..<..÷........▒▒......▒▒.▒▒ ▒....
............▒....▒........▒▒▒....


You could see an ogre.


Message History

You hit the ogre but do no damage.
The ogre is severely wounded.
The ogre hits you with a +0 giant club!
* * * LOW HITPOINT WARNING * * *
You hit the ogre.
The ogre is severely wounded.
The ogre hits you with a +0 giant club!
* * * LOW HITPOINT WARNING * * *
You hit the ogre.
The ogre is almost dead.
The ogre hits you with a +0 giant club!
* * * LOW HITPOINT WARNING * * *
Use which ability? (? or * to list)
Your magical essence is drained by the effort!
The ogre hits you with a +0 giant club!!
* * * LOW HITPOINT WARNING * * *
Use which ability? (? or * to list)
The ogre hits you with a +0 giant club!!
* * * LOW HITPOINT WARNING * * *
Your chain mail prevents you from hitting the ogre.
The ogre is almost dead.
The ogre hits you with a +0 giant club!
* * * LOW HITPOINT WARNING * * *
Your chain mail prevents you from hitting the ogre.
The ogre is almost dead.
The ogre hits you with a +0 giant club.
You hit the ogre.
The ogre is almost dead.
The ogre hits you with a +0 giant club!!
You die...

Action                   |  1- 3 |  4- 6 || total
-------------------------+-------+-------++-------
Melee: Dagger            |   127 |   250 ||   377
       War axe           |       |    28 ||    28
 Fire: Hunting sling     |       |    75 ||    75
 Cast: Corona            |     2 |       ||     2
 Abil: Heal Wounds       |     4 |     5 ||     9
  Use: Scroll            |     1 |     3 ||     4
 Stab: Sleeping          |    12 |       ||    12
Armor: Robe              |    20 |     3 ||    23
       Chain mail        |       |   182 ||   182
Dodge: Dodged            |    68 |   113 ||   181

Levels and vault maps discovered:
D:1:      eino_arrival_water_cross, layout_loops_corners, minmay_ruptured
D:2:      layout_basic
D:3:      minmay_razor_zed, layout_loops_ring, kiku_gazebo_pond_becter,
          st_stairs_4, kennysheep_big_empty_room
D:4:      layout_rooms

Notes
Turn   | Place    | Note
-------+----------+-------------------------------------------
     0 | D:1      | sanka the Deep Dwarf Enchanter began the quest for the Orb.
     0 | D:1      | Reached XP level 1. HP: 15/15 MP: 3/3
    65 | D:1      | Reached skill level 1 in Fighting
   139 | D:1      | Reached XP level 2. HP: 17/25 MP: 4/4
   236 | D:1      | Reached skill level 2 in Fighting
   387 | D:1      | Reached XP level 3. HP: 25/33 MP: 2/4
  1044 | D:2      | Reached skill level 3 in Fighting
  1358 | D:2      | Noticed an ogre
  1383 | D:2      | Killed an ogre
  1384 | D:2      | Reached skill level 4 in Fighting
  1384 | D:2      | Reached XP level 4. HP: 45/45 MP: 5/5
  1384 | D:2      | Reached XP level 5. HP: 51/51 MP: 6/6
  2345 | D:3      | Reached skill level 5 in Fighting
  2422 | D:3      | Found an ancient bone altar of Kikubaaqudgha.
  3217 | D:4      | Reached skill level 1 in Axes
  3232 | D:4      | Noticed an ogre
  3241 | D:4      | Killed an ogre
  3242 | D:4      | Reached skill level 2 in Axes
  3242 | D:4      | Reached XP level 6. HP: 24/61 MP: 6/6
  3246 | D:4      | Reached skill level 3 in Axes
  3437 | D:4      | Reached skill level 4 in Axes
  3606 | D:4      | Slain by an ogre

Vanquished Creatures
  2 ogres
  2 hounds (D:4)
  2 worker ants
  A hound skeleton (D:4)
  A gnoll (D:1)
  6 adders
  An ooze (D:1)
  3 worms
  3 dart slugs
  4 leopard geckos
  5 orcs
  A ball python (D:1)
  5 giant cockroaches
  5 goblins
  3 hobgoblins
  14 kobolds
  A quokka (D:3)
  6 bats
  8 frilled lizards
  13 rats
86 creatures vanquished.

Table legend: (Time is in decaauts)
 A = Elapsed time spent in this place.
 B = Non-inter-level travel time spent in this place.
 C = Inter-level travel time spent in this place.
 D = Time resting spent in this place.
 E = Time spent auto-exploring this place.
 F = Levels seen in this place.
 G = Mean time per level.
                   A        B        C        D        E       F      G
               +--------+--------+--------+--------+--------+-----+--------+
         Total |   3611 |   3326 |    285 |     25 |   2454 |   4 |  902.8 |
       Dungeon |   3611 |   3326 |    285 |     25 |   2454 |   4 |  902.8 |
               +--------+--------+--------+--------+--------+-----+--------+

Top non-repeatable levels by time:
     D:3: 1227 daAuts
     D:2: 992 daAuts
     D:1: 963 daAuts
     D:4: 428 daAuts
